 Dungeon Crawl Stone Soup version 0.27-a0-46-g34d46f0a3f (webtiles) character file.

Game seed: 10495000500197297080

721 sahdkjhfkaj the Thaumaturge (level 7, -1/36 HPs)
             Began as a Deep Elf Necromancer on Jan 6, 2021.
             Slain by a black bear (5 damage)
             ... on level 7 of the Dungeon.
             The game lasted 00:08:00 (5959 turns).

sahdkjhfkaj the Thaumaturge (Deep Elf Necromancer)  Turns: 5959, Time: 00:08:00

Health: -1/36      AC:  1    Str:  5    XL:     7   Next: 42%
Magic:  23/23      EV: 13    Int: 22    God:
Gold:   291        SH:  4    Dex: 15    Spells: 11/24 levels left

rFire    . . .     SeeInvis .   a - +1 dagger (pain)
rCold    . . .     Faith    .   (no shield)
rNeg     . . .     Spirit   .   j - +0 robe
rPois    .         Reflect  .   (no helmet)
rElec    .         Harm     .   (no cloak)
rCorr    .         Rampage  .   (no gloves)
Will     .....                  (no boots)
Stlth    ++........             (no amulet)
HPRegen  0.12/turn              d - ring of wizardry
MPRegen  0.18/turn              (no ring)

@: no status effects
A: large bone plates 1, deformed body, high mp 1
a: no special abilities


You were on level 7 of the Dungeon.
You visited 1 branch of the dungeon, and saw 7 of its levels.

You collected 291 gold pieces.

Inventory:

Hand Weapons
 a - a +1 dagger of pain (weapon)
Armour
 j - a +0 robe (worn)
Jewellery
 d - a ring of wizardry (left hand)
Wands
 f - a wand of polymorph (6)
Scrolls
 b - 2 scrolls of identify {unknown}
 c - 2 scrolls of teleportation {!r}
 e - a scroll of amnesia {unknown}
 g - a scroll of fog {unknown}
 k - a scroll of fear {unknown}
Potions
 h - a potion of attraction {unknown}
 i - a potion of mutation
 l - a potion of resistance {unknown}


   Skills:
 - Level 2.4 Dodging
 - Level 2.4 Stealth
 * Level 9.3 Spellcasting
 + Level 7.4 Necromancy


You had 11 spell levels left.
You knew the following spells:

 Your Spells              Type           Power        Failure   Level
a - Pain                  Necr           100%         1%          1
c - Vampiric Draining     Necr           21%          1%          3
e - Agony                 Necr           43%          3%          5
A - Animate Dead          Necr           21%          1%          4

Your spell library contained the following spells:

 Spells                   Type           Power        Failure   Level
 Animate Skeleton         Necr           86%          1%          1


Dungeon Overview and Level Annotations

Branches:
Dungeon (7/15)
 Temple: D:4-7

Altars:
Ashenzari
Ru
Yredelemnul

Annotations:
D:3 Grinder


Innate Abilities, Weirdness & Mutations

You are partially covered in large bone plates. (SH +4)
Armour fits poorly on your strangely shaped body.
You have an increased reservoir of magic. (+10% MP)


Message History

The crimson imp blinks!
The crimson imp hits you.
* * * LOW HITPOINT WARNING * * *
The crimson imp blinks!
There is a stone staircase leading up here.
Found a fuming pink potion.
Found an escape hatch in the floor.
A wight comes into view.
It is wielding a +1 hand axe. 3 wights come into view.
Found a short sword and 9 bolts.
The crimson imp shouts, "Escape, thou brittle earth-vexing bounder!"
Found 14 arrows.
A black bear comes into view.
The crimson imp blinks!
Found 15 stones.
The crimson imp barely misses you.
There is an escape hatch in the floor here.
The black bear growls angrily.
The black bear bites you.
You die...

## .# #####.####.
#######.<......5.
#.......#######..
#.#####.#
#.######h# ##.#
...(...@.####..#
#.#####5>.z.z..#
##.####..# #.#
#..####### #(#
#.........
#.......z..)#.#
#####..!...(...
#..........
#......##z#


You could see a black bear, 2 wights and a crimson imp.

Vanquished Creatures
  Sigmund (D:4)
  2 ogres
  A big kobold (D:5)
  A hound (D:4)
  Natasha (twice) (D:3)
  Ijyb (D:3)
  An orc wizard (D:6)
  A worker ant (D:6)
  Robin (D:2)
  6 adders
  An adder skeleton (D:4)
  2 worms (D:2)
  5 leopard geckos
  4 orcs
  5 bats
  5 giant cockroaches
  11 goblins
  5 hobgoblins
  5 jackals
  3 quokkas
  5 frilled lizards
  12 kobolds
  6 rats
86 creatures vanquished.

Notes
Turn   | Place    | Note
-------+----------+-------------------------------------------
     0 | D:1      | sahdkjhfkaj the Deep Elf Necromancer began the quest for
                  | the Orb.
     0 | D:1      | Reached XP level 1. HP: 10/10 MP: 6/6
   304 | D:1      | Reached skill level 5 in Necromancy
   452 | D:1      | Reached XP level 2. HP: 12/15 MP: 5/8
  1101 | D:2      | Noticed Robin
  1117 | D:1      | Reached skill level 4 in Spellcasting
  1639 | D:2      | Reached XP level 3. HP: 14/19 MP: 5/10
  1643 | D:2      | Learned a level 3 spell: Vampiric Draining
  1881 | D:2      | Killed Robin
  1900 | D:2      | Reached skill level 5 in Spellcasting
  2436 | D:2      | Reached XP level 4. HP: 18/24 MP: 10/13
  2959 | D:3      | Noticed Natasha
  2970 | D:3      | Killed Natasha
  2970 | D:3      | HP: 1/24 [orc (4)]
  3474 | D:3      | Found a basalt altar of Yredelemnul.
  3523 | D:3      | Noticed Grinder
  3529 | D:4      | Noticed Ijyb
  3534 | D:4      | Noticed an ogre
  3562 | D:3      | Reached skill level 6 in Spellcasting
  3562 | D:3      | Reached XP level 5. HP: 9/28 MP: 7/15
  3563 | D:3      | Killed Ijyb
  3735 | D:4      | Killed an ogre
  3736 | D:4      | Reached skill level 7 in Spellcasting
  3939 | D:4      | Noticed Sigmund
  4018 | D:4      | Killed Sigmund
  4019 | D:4      | Reached skill level 8 in Spellcasting
  4019 | D:4      | Reached XP level 6. HP: 14/32 MP: 7/19
  4735 | D:3      | Noticed Natasha
  4738 | D:3      | Killed Natasha
  5095 | D:5      | Entered Level 5 of the Dungeon
  5116 | D:5      | Reached XP level 7. HP: 32/36 MP: 14/21
  5364 | D:5      | Gained mutation: You have an increased reservoir of magic.
                  | (+10% MP) [potion of mutation]
  5364 | D:5      | Gained mutation: Armour fits poorly on your strangely
                  | shaped body. [potion of mutation]
  5364 | D:5      | Gained mutation: You are partially covered in large bone
                  | plates. (SH +4) [potion of mutation]
  5535 | D:6      | Learned a level 5 spell: Agony
  5540 | D:6      | Learned a level 4 spell: Animate Dead
  5724 | D:6      | Found a sacrificial altar of Ru.
  5732 | D:6      | Reached skill level 9 in Spellcasting
  5834 | D:6      | Found a broken altar of Ashenzari.
  5959 | D:7      | Slain by a black bear

Illustrated notes

Levels and vault maps discovered:
D:1:      heliophobic_arrival_ceremonial_halls, layout_basic
D:2:      layout_basic, uniq_robin
D:3:      layout_basic, overflow_temple_1_default, portal_sewer_entry_d,
          uniq_natasha, uniq_grinder, uniq_crazy_yiuf_cottage
D:4:      layout_gridville, uniq_sigmund, uniq_ijyb
D:5:      layout_cave_pools, uniq_edmund
D:6:      minmay_cornered_nines, layout_basic,
          nicolae_ru_great_annihilating_truth, minmay_temple_entry_stoned_glass,
          gup_ossuary_entry_pyramid, grunt_decor_junction, ashenzari_altar_1
D:7:      minmay_the_grid_triangle_9x9_recursive_2
          [minmay_the_grid_triangle_9x9_prize_top_heavy,
          minmay_the_grid_triangle_9x9_pentomino_pain,
          minmay_the_grid_triangle_9x9_zippers_vertical,
          minmay_the_grid_triangle_9x9_fully_insulated_deathbox],
          layout_loops_ring, kiku_gazebo_garden_becter

Skill      XL: |  1  2  3  4  5  6  7 |
---------------+----------------------+-----
Necromancy     | 5 6 7 |  7.4
Spellcasting   | 4 5 6 8 9 |  9.3
Dodging        | |  2.4
Stealth        | |  2.4

Action                   |  1- 3 |  4- 6 |  7- 9 || total
-------------------------+-------+-------+-------++-------
Melee: Unarmed           |     3 |    24 |       ||    27
       Dagger            |       |       |    46 ||    46
 Cast: Pain              |    68 |    68 |    21 ||   157
       Vampiric Draining |       |    11 |     7 ||    18
Evoke: Wand              |       |       |     3 ||     3
  Use: Potion            |     1 |     1 |     1 ||     3
       Scroll            |     1 |       |       ||     1
Armor: Robe              |     7 |     6 |     3 ||    16
Dodge: Dodged            |    13 |    46 |    40 ||    99
Block: Other             |       |       |     7 ||     7

Table legend: (Time is in decaauts)
 A = Elapsed time spent in this place.
 B = Non-inter-level travel time spent in this place.
 C = Inter-level travel time spent in this place.
 D = Time resting spent in this place.
 E = Time spent auto-exploring this place.
 F = Levels seen in this place.
 G = Mean time per level.
                   A        B        C        D        E       F      G
               +--------+--------+--------+--------+--------+-----+--------+
         Total |   5967 |   5629 |    338 |   1221 |   3727 |   7 |  852.4 |
       Dungeon |   5967 |   5629 |    338 |   1221 |   3727 |   7 |  852.4 |
               +--------+--------+--------+--------+--------+-----+--------+

Top non-repeatable levels by time:
     D:2: 1791 daAuts
     D:1: 1270 daAuts
     D:4: 1038 daAuts
     D:3: 1003 daAuts
     D:6: 556 daAuts
     D:5: 280 daAuts
     D:7: 25 daAuts
